 Dungeon Sprint DCSS version 0.22-a0-858-g985ef60 (webtiles) character file.

12700000 protoss039 the Middleweight Champion (level 27, -74/273 HPs)
             Began as a Ghoul Gladiator on July 27, 2018.
             Was the Champion of Makhleb.
             Annihilated by a fleshlord
             ... wielding a +9 great mace
              (312 damage)
             ... in the Dungeon (Sprint VIII: "Arena of Blood").
             The game lasted 00:04:10 (127 turns).

protoss039 the Middleweight Champion (GhGl)          Turns: 127, Time: 00:04:11

Health: -74/273    AC:  8    Str: 22    XL:     27
Magic:  49/53      EV: 34    Int:  3    God:    Makhleb [******]
Gold:   0          SH:  0    Dex: 19    Spells: 80/80 levels left

rFire    . . .     SeeInvis +   k - +∞ Axe of Woe
rCold    + . .     Gourm    .   (shield currently unavailable)
rNeg     + + +     Faith    .   a - +0 leather armour
rPois    ∞         Spirit   .   b - +0 helmet
rElec    .         Reflect  .   (no cloak)
rCorr    .         Harm     .   (no gloves)
MR       ++...     NoTele   +   (no boots)
Stlth    +++++++++.             (no amulet)
HPRegen  0.00/turn              l - ring of see invisible
MPRegen  0.33/turn              (no ring)

@: rotting, slowed, lost intelligence, very slow
A: rotting body, claws 1, carnivore, cold resistance 1, negative energy
resistance 3, inhibited regeneration, torment resistance, unbreathing
a: Minor Destruction, Lesser Servant of Makhleb, Major Destruction, Greater
Servant of Makhleb, Renounce Religion


You were in the Dungeon.
You worshipped Makhleb.
Makhleb was exalted by your worship.
You were not hungry.

You visited 1 branch

Inventory:

Hand Weapons
 k - the +∞ Axe of Woe (weapon)
   (You found it in the Dungeon)
Missiles
 c - 3 throwing nets (quivered)
Armour
 a - a +0 leather armour (worn)
 b - a +0 helmet (worn)
Jewellery
 l - a ring of see invisible (left claw)
Scrolls
 j - a scroll of blinking
Potions
 e - a potion of curing
 f - a potion of heal wounds
 g - a potion of haste
 h - 2 potions of magic
 i - a potion of berserk rage
Comestibles
 d - a ration


   Skills:
 O Level 27 Fighting
 O Level 27 Axes
 O Level 27 Throwing
 O Level 27 Armour
 O Level 27 Dodging
 O Level 27 Stealth
 O Level 27 Unarmed Combat
 O Level 27 Spellcasting
 O Level 27 Invocations


You had 80 spell levels left.
You didn't know any spells.
Your spell library was empty.

Dungeon Overview and Level Annotations

Branches:
Dungeon (1/1)

Altars:
Makhleb


Innate Abilities, Weirdness & Mutations

Your body is rotting away.
You thrive on raw meat.
You are immune to poison.
You have sharp fingernails.
You are carnivorous and can eat meat at any time.
Your flesh is cold resistant. (rC+)
You are immune to negative energy. (rN+++)
You do not regenerate when monsters are visible.
You are immune to unholy pain and torment.
You can survive without breathing.


Message History

Makhleb accepts your kill.
You feel better.
You slice the bag of meat!!
You butcher the bag of meat messily.
You kill the bag of meat!
Makhleb accepts your kill.
You feel better.
You hit the large abomination.
You fatally mangle the large abomination.
You destroy the large abomination!
Makhleb accepts your kill.
You hear a shout!
The bag of meat is engulfed in blazing flames.
The corpses begin to drag themselves along the ground!
You hear a shout!
The meat berserker is engulfed in blazing flames.
You hear a shout! x2
The bag of meat hits you with a +9 war axe!!
You hear a shout!
The fleshlord hits you with a +9 great mace!!!!!!
Ouch! That really hurt!
You die...

#.......D.).......
......)))).......
.......))).%.....
...#..O))).#.....
....#...))..#.....
..###....)..###...
.....x.###).......
........_).xX.....
....#x@ox)#O....z
....#OSp§x#......
.. #xoX§.#.%....
§..o.§X§Xz..p...
......###.....zo.
..###.z ...###...
. #.o ...# . #..
...#


o.o ..... You could see a tentacled monstrosity, a scourge, a fleshlord, 2
sculptors of flesh, 3 large abominations, a meat berserker (berserk), a small
abomination, 4 bags of meat and 5 crawling corpses.

Vanquished Creatures
  Sigmund (D)
  8 hell beasts (D)
  5 greater mummies (D)
  5 great orbs of eyes (D)
  5 wraiths (D)
  16 vampire knights (D)
  37 ogres (D)
  4 two-headed ogres (D)
  2 liches (D)
  3 hydras (D)
  71 orcs (D)
  6 phantoms (D)
  4 skeletal warriors (D)
  5 small abominations (D)
  7 large abominations (D)
  8 crawling corpses (D)
187 creatures vanquished.

Notes
Turn   | Place    | Note
-------+----------+-------------------------------------------
     0 | D        | Found the +∞ Axe of Woe
     0 | D        | protoss039 the Ghoul Gladiator began the quest for the Orb.
     0 | D        | Reached XP level 1. HP: 17/17 MP: 0/0
     3 | D        | Noticed a bag of meat
     3 | D        | Noticed a bag of meat
     4 | D        | Became a worshipper of Makhleb the Destroyer
     4 | D        | Noticed a bag of meat
     5 | D        | Noticed a bag of meat
     6 | D        | Noticed a bag of meat
     7 | D        | Noticed a meat berserker
     8 | D        | Killed a bag of meat
     8 | D        | Reached XP level 2. HP: 40/40 MP: 1/1
     8 | D        | Reached XP level 3. HP: 47/47 MP: 2/2
     8 | D        | Reached XP level 4. HP: 55/55 MP: 3/3
     8 | D        | Reached XP level 5. HP: 61/61 MP: 4/4
     8 | D        | Reached XP level 6. HP: 68/68 MP: 5/5
     8 | D        | Reached XP level 7. HP: 74/74 MP: 6/6
     8 | D        | Reached XP level 8. HP: 82/82 MP: 7/7
     8 | D        | Reached XP level 9. HP: 89/89 MP: 8/8
     8 | D        | Reached XP level 10. HP: 96/96 MP: 9/9
     8 | D        | Reached XP level 11. HP: 102/102 MP: 10/10
     8 | D        | Reached XP level 12. HP: 110/110 MP: 11/11
     8 | D        | Noticed a meat berserker
     9 | D        | Killed a bag of meat
     9 | D        | Reached * piety under Makhleb
     9 | D        | Reached skill level 10 in Throwing
     9 | D        | Reached XP level 13. HP: 119/119 MP: 12/12
     9 | D        | Noticed a bag of meat
     9 | D        | Noticed a bag of meat
    10 | D        | Killed a bag of meat
    10 | D        | Reached skill level 5 in Axes
    10 | D        | Reached XP level 14. HP: 132/132 MP: 13/13
    10 | D        | Killed a bag of meat
    10 | D        | Noticed a meat berserker
    10 | D        | Noticed a bag of meat
    10 | D        | Noticed a bag of meat
    11 | D        | Killed a meat berserker
    11 | D        | Reached ** piety under Makhleb
    11 | D        | Reached skill level 1 in Armour
    11 | D        | Reached XP level 15. HP: 137/144 MP: 14/14
    11 | D        | Reached skill level 27 in Unarmed Combat
    11 | D        | Reached XP level 16. HP: 148/155 MP: 15/15
    11 | D        | Noticed a meat berserker
    12 | D        | Killed a meat berserker
    12 | D        | Reached skill level 15 in Throwing
    12 | D        | Killed a meat berserker
    12 | D        | Reached *** piety under Makhleb
    12 | D        | Reached skill level 5 in Armour
    12 | D        | Reached skill level 27 in Dodging
    12 | D        | Reached XP level 17. HP: 172/172 MP: 16/16
    14 | D        | Noticed a meat berserker
    14 | D        | Noticed a meat berserker
    15 | D        | Killed a meat berserker
    15 | D        | Reached XP level 18. HP: 187/187 MP: 17/17
    15 | D        | Reached **** piety under Makhleb
    16 | D        | Noticed a large bag of meat
    16 | D        | Noticed a destroyer
    16 | D        | Noticed a large bag of meat
    18 | D        | Killed a meat berserker
    18 | D        | Reached XP level 19. HP: 206/206 MP: 18/18
    18 | D        | Reached ***** piety under Makhleb
    18 | D        | Reached skill level 27 in Fighting
    18 | D        | Reached skill level 10 in Armour
    18 | D        | Killed a meat berserker
    18 | D        | Reached skill level 27 in Axes
    18 | D        | Reached skill level 27 in Throwing
    18 | D        | Reached XP level 20. HP: 216/216 MP: 19/19
    18 | D        | Noticed a meat berserker
    19 | D        | Reached skill level 27 in Armour
    19 | D        | Reached XP level 21. HP: 224/224 MP: 20/20
    19 | D        | Reached skill level 10 in Invocations
    19 | D        | Noticed a destroyer
    19 | D        | Noticed a destroyer
    20 | D        | Reached skill level 15 in Stealth
    20 | D        | Killed a destroyer
    20 | D        | Reached ****** piety under Makhleb
    20 | D        | Reached skill level 15 in Spellcasting
    20 | D        | Reached XP level 22. HP: 233/233 MP: 20/41
    20 | D        | Noticed a destroyer
    21 | D        | Killed a destroyer
    21 | D        | Reached skill level 27 in Stealth
    21 | D        | Reached skill level 27 in Invocations
    21 | D        | Reached XP level 23. HP: 240/240 MP: 20/51
    22 | D        | Noticed a destroyer
    23 | D        | Killed a large bag of meat
    23 | D        | Reached skill level 27 in Spellcasting
    23 | D        | Reached XP level 24. HP: 249/249 MP: 20/53
    25 | D        | Reached XP level 25. HP: 257/257 MP: 21/53
    26 | D        | Killed a destroyer
    26 | D        | Reached XP level 26. HP: 266/266 MP: 21/53
    26 | D        | Killed a destroyer
    27 | D        | Noticed a large bag of meat
    28 | D        | Reached XP level 27. HP: 273/273 MP: 22/53
    28 | D        | Killed a destroyer
    29 | D        | Killed a large bag of meat
    30 | D        | Noticed a destroyer
    33 | D        | Noticed a destroyer
    34 | D        | Noticed a destroyer
    35 | D        | Killed a destroyer
    38 | D        | Killed a destroyer
    38 | D        | Killed a large bag of meat
    39 | D        | Killed a destroyer
    39 | D        | Noticed a destroyer
    40 | D        | Noticed a destroyer
    40 | D        | Noticed a destroyer
    41 | D        | Noticed a destroyer
    41 | D        | Noticed a destroyer
    47 | D        | Killed a destroyer
    54 | D        | Killed a destroyer
    55 | D        | Killed a destroyer
    56 | D        | Noticed a destroyer
    58 | D        | Noticed a destroyer
    59 | D        | Killed a destroyer
    59 | D        | Noticed a meat beast
    61 | D        | Noticed a meat beast
    63 | D        | Killed a meat beast
    63 | D        | Killed a destroyer
    66 | D        | Noticed a meat beast
    66 | D        | Noticed a dread
    67 | D        | Killed a meat beast
    68 | D        | Killed a destroyer
    69 | D        | Killed a meat beast
    69 | D        | Noticed an accursed
    71 | D        | Killed a dread
    73 | D        | Killed a destroyer
    80 | D        | Noticed a destroyer
    80 | D        | Noticed a dread
    81 | D        | Noticed an accursed
    82 | D        | Killed an accursed
    86 | D        | Noticed a meat beast
    89 | D        | Noticed a meat beast
    90 | D        | Killed a dread
    92 | D        | Noticed an accursed
    93 | D        | Killed a meat beast
    94 | D        | Noticed a meat beast
    95 | D        | Killed a meat beast
    97 | D        | Noticed a meat beast
    98 | D        | Killed a destroyer
   100 | D        | Noticed an accursed
   100 | D        | Noticed a tyrant
   101 | D        | Killed an accursed
   101 | D        | Killed a meat beast
   102 | D        | Noticed a dread
   104 | D        | Killed an accursed
   104 | D        | Noticed a tyrant
   104 | D        | Noticed a dread
   105 | D        | Killed an accursed
   105 | D        | Noticed a large bag of meat
   106 | D        | Noticed an accursed
   110 | D        | Noticed a meat beast
   111 | D        | Noticed a dread
   112 | D        | Killed a dread
   114 | D        | Killed a meat beast
   114 | D        | Killed a dread
   115 | D        | Killed a large bag of meat
   115 | D        | Noticed The Captor
   116 | D        | Killed a tyrant
   116 | D        | Killed a tyrant
   116 | D        | Killed an accursed
   116 | D        | Lost intelligence.
   117 | D        | Noticed a fleshlord
   119 | D        | Killed a dread
   120 | D        | Noticed a fleshlord
   122 | D        | Noticed a meat beast
   122 | D        | Noticed an accursed
   123 | D        | Noticed a tyrant
   126 | D        | Killed The Captor
   126 | D        | Killed a meat beast
   127 | D        | Annihilated by a fleshlord

Vault maps used:
D:        meatsprint

Skill      XL: |  1  2  3  4  5  6  7  8  9 10 11 12 13 14 15 16 17 18 19 20 21 22 23 |
---------------+----------------------------------------------------------------------+-----
Fighting       | 11 12 14 16 17 20 22 26 27 | 27.0
Axes           | 3 4 5 8 9 16 19 25 27 | 27.0
Throwing       | 9 10 11 13 14 18 20 23 27 | 27.0
Dodging        | 16 18 20 23 24 27 | 27.0
Unarmed Combat | 18 21 23 26 27 | 27.0
Armour         | 1 2 5 6 9 17 27 | 27.0
Stealth        | 22 27 | 27.0
Spellcasting   | 16 25 27 | 27.0
Invocations    | 20 27 | 27.0

Action                   |  1- 3 |  4- 6 |  7- 9 | 10-12 | 13-15 | 16-18 | 19-21 | 22-24 | 25-27 || total
-------------------------+-------+-------+-------+-------+-------+-------+-------+-------+-------++-------
Melee: Executioner's axe |     1 |       |       |     1 |     2 |     3 |     2 |     3 |    65 ||    77
Armor: Leather armour    |       |       |       |       |       |       |       |       |     5 ||     5
Dodge: Dodged            |       |       |       |       |     1 |       |       |     1 |     9 ||    11

Table legend:
 A = Spawn XP
 B = Non-spawn XP
 C = Spawn XP percentage of total XP
 D = Spawn monster count
 E = Non-spawn monster count
 F = Spawn count percentage of total count
 G = Total turns spent on level
                    A         B        C        D         E        F      G
               +---------+---------+-------+---------+---------+-------+---------
         Total |       0 | 6739103 |   0.0 |       0 |     179 |   0.0 |   127
               +---------+---------+-------+---------+---------+-------+---------
             D |       0 | 6739103 |   0.0 |       0 |     179 |   0.0 |   127
               +---------+---------+-------+---------+---------+-------+---------
